 Dungeon Crawl Stone Soup version 0.30-a0-283-gf371ce1921 (webtiles) character file.

Game seed: 14750176143157921950

95 MrRokkomies the Sneak (level 4, -8/41 HPs)
             Began as an Armataur Delver on Oct 17, 2022.
             Killed from afar by Ijyb (15 damage)
             ... with a bolt of dispelling energy
             ... on level 3 of the Dungeon.
             The game lasted 00:05:56 (2219 turns).

MrRokkomies the Sneak (Armataur Delver)             Turns: 2219, Time: 00:05:57

Health: -8/41      AC: 11    Str: 17    XL:     4   Next: 40%
Magic:  4/4        EV:  1    Int: 16    God:
Gold:   126        SH: 10    Dex: 10    Spells: 3/3 levels left

rFire   . . .      SeeInvis .    a - +1 hand axe
rCold   + . .      Faith    .    h - +3 kite shield "Oho Korgh" {rPois Int+5 Dex-3 Stlth-}
rNeg    . . .      Spirit   .    l - +0 plate armour
rPois   +          Reflect  .    p - +2 hat
rElec   .          Harm     .    (no cloak)
rCorr   .          Roll     +    (no gloves)
Will    .....                    (no barding)
Stlth   ..........               (no amulet)
HPRegen 0.26/turn                r - +4 ring of slaying
MPRegen 0.09/turn                q - ring of protection from cold

@: no status effects
A: large, rugged brown scales 3, deformed body, armoured tail, roll, long
tongue, awkward tongue
a: no special abilities


You were on level 3 of the Dungeon.
You visited 1 branch of the dungeon, and saw 5 of its levels.

You collected 126 gold pieces.

Inventory:

Hand Weapons
 a - a +1 hand axe (weapon)
Armour
 b - a +1 leather armour
 h - the +3 kite shield "Oho Korgh" (worn) {rPois Int+5 Dex-3 Stlth-}
   (You found it on level 5 of the Dungeon)

   Int:       It affects your intelligence (+5).
   Dex:       It affects your dexterity (-3).
   rPois:     It protects you from poison.
   Stlth:     It makes you less stealthy.
 l - a +0 plate armour (worn)
 p - a +2 hat (worn)
Jewellery
 q - a ring of protection from cold (right hand)
 r - a +4 ring of slaying (left hand)
 s - a ring of ice
Wands
 g - a wand of digging (3)
Scrolls
 c - a scroll of fog
 d - a scroll of magic mapping
 e - a scroll of fear
 i - a scroll of enchant weapon
 t - a scroll of identify
Potions
 f - a potion of haste
 j - a potion of attraction {unknown}
 k - 3 potions of curing
 m - 2 potions of mutation
 n - a potion of lignification {unknown}
 o - 3 potions of heal wounds {unknown}
 u - a potion of might {unknown}


   Skills:
 * Level 3.6 Fighting
 - Level 1.5 Axes
 * Level 2.9 Armour
 - Level 1.3 Dodging
 - Level 5.4 Stealth
 + Level 1.8 Shields


You had 3 spell levels left.
You didn't know any spells.
Your spell library was empty.

Dungeon Overview and Level Annotations

Branches:
Dungeon (5/15)
 Temple: D:4-7

Altars:

Annotations:
D:1 2 transporters
D:3 Ijyb


Innate Abilities, Weirdness & Mutations

You are completely covered in rugged brown scales. (AC +3, +7% HP)
Armour fits poorly on your strangely shaped body.
You have a long armoured tail.
You roll when moving toward enemies. (Rampage)
Your long tongue fully drains potion bottles. (2x potion effects)
Your tongue gives you trouble enunciating. (1.5x scroll delay)


Message History

You kill the giant cockroach!
No target in view!
No target in view!
Found a stone staircase leading down.
A kobold comes into view. It is wielding a +0 dagger.
The kobold moves out of view.
A kobold is nearby!
You roll towards the kobold!
You slash the kobold!
You kill the kobold!
No target in view!
No target in view!
No target in view!
No target in view!
Ijyb the Twisted Goblin comes into view.
She is wielding a +0 club and carrying a wand of quicksilver (13).
Ijyb shouts!
Things that are here:
a +0 dagger; 3 stones You roll towards Ijyb!
Ijyb zaps a wand.
The bolt of dispelling energy hits you!!
You are too injured to fight recklessly!
You are too injured to fight recklessly!
You are too injured to fight recklessly!
You are too injured to fight recklessly!
You are too injured to fight recklessly!
You roll towards Ijyb!
You hit Ijyb but do no damage. You tail-slap Ijyb!
Ijyb is moderately wounded.
Ijyb zaps a wand.
The bolt of dispelling energy hits you.
You barely miss Ijyb.
Ijyb is moderately wounded.
Ijyb zaps a wand.
The bolt of dispelling energy hits you.
Ijyb zaps a wand.
The bolt of dispelling energy hits you!
* * * LOW HITPOINT WARNING * * *
You slash Ijyb!
Your tail-slap misses Ijyb.
Ijyb is severely wounded.
Ijyb drinks a potion.
Ijyb seems to speed up.
You hit Ijyb but do no damage.
Ijyb is severely wounded.
You block Ijyb's attack.
Ijyb zaps a wand.
The bolt of dispelling energy hits you!
You die...

.. ........... .###
####.....#. ..#
#........ #.#
###.#......
#.####.........#
##.).....#....###
#.....####......#
#.###................
#..>@.......#.#...##.
#..g#######...#...##.
#... ##.....#### ####
#.###..### #.# ##....
#.# #### #.# # ..#
... .


You could see Ijyb (fast).

Vanquished Creatures
  Terence (D:2)
  2 adders (D:2)
  A worm (D:3)
  An orc (D:3)
  5 endoplasms
  3 giant cockroaches
  2 goblins
  4 hobgoblins
  3 quokkas
  9 ball pythons
  6 bats
  3 frilled lizards
  6 kobolds
46 creatures vanquished.

Notes
Turn   | Place    | Note
-------+----------+-------------------------------------------
     0 | D:5      | MrRokkomies the Armataur Delver began the quest for the
                  | Orb.
     0 | D:5      | Reached XP level 1. HP: 19/19 MP: 1/1
     2 | D:5      | Identified the +3 kite shield "Oho Korgh" {rPois Int+5
                  | Dex-3 Stlth-}
     9 | D:5      | Noticed a phantom
    12 | D:5      | Noticed a hound
    15 | D:5      | Noticed an orc wizard
    15 | D:5      | Noticed an orc priest
   115 | D:3      | Reached skill level 1 in Armour
   162 | D:3      | Reached XP level 2. HP: 15/26 MP: 2/2
   358 | D:2      | Reached skill level 1 in Shields
   409 | D:2      | Reached XP level 3. HP: 29/33 MP: 3/3
  1041 | D:1      | Found a transporter.
  1141 | D:1      | Found a transporter.
  1425 | D:2      | Noticed Terence
  1436 | D:2      | Killed Terence
  1437 | D:2      | Reached XP level 4. HP: 26/40 MP: 4/4
  2214 | D:3      | Noticed Ijyb
  2219 | D:3      | Killed from afar by Ijyb

Illustrated notes

Levels and vault maps discovered:
D:1:      spicycebolla_arrival_transporter_tutorial, layout_loops_corners,
          minivault_11
D:2:      layout_basic, chequers_arboretum, uniq_terence
D:3:      layout_rooms, uniq_ijyb, uniq_robin
D:4:      layout_rooms, kennysheep_mini_moat, makhleb_heckhound_becter,
          hellmonk_ghost_happy_afterlife, serial_shops, shop, shop,
          uniq_menkaure
D:5:      layout_cave_pools

Skill      XL: |  1  2 |
---------------+-------+-----
Armour         | 1 2 |  2.9
Fighting       | 3 |  3.6
Shields        | 1 |  1.8
Axes           | |  1.5
Dodging        | |  1.3
Stealth        | |  5.4

Action                   |  1- 3 |  4- 6 || total
-------------------------+-------+-------++-------
Melee: Hand axe          |   118 |    29 ||   147
       Tailslap          |    11 |     5 ||    16
  Use: Scroll            |     7 |     1 ||     8
 Stab: Sleeping          |     5 |       ||     5
Armor: Leather armour    |    35 |       ||    35
       Plate armour      |       |    15 ||    15
Dodge: Dodged            |    34 |       ||    34
Block: Kite shield       |    45 |    14 ||    59

Table legend: (Time is in decaauts)
 A = Elapsed time spent in this place.
 B = Non-inter-level travel time spent in this place.
 C = Inter-level travel time spent in this place.
 D = Time resting spent in this place.
 E = Time spent auto-exploring this place.
 F = Levels seen in this place.
 G = Mean time per level.
                   A        B        C        D        E       F      G
               +--------+--------+--------+--------+--------+-----+--------+
         Total |   2277 |   2182 |     95 |      0 |   1731 |   5 |  455.4 |
       Dungeon |   2277 |   2182 |     95 |      0 |   1731 |   5 |  455.4 |
               +--------+--------+--------+--------+--------+-----+--------+

Top non-repeatable levels by time:
     D:2: 1123 daAuts
     D:1: 916 daAuts
     D:3: 159 daAuts
     D:4: 49 daAuts
     D:5: 28 daAuts
